AoeStats
← Iamak3186

Arabia

503381322Analyzed
1v1 RM · 1mo ago on Aug 31, 2026· 25m 38s· 2 players
Game mode
Random Map
Map size
Tiny (2 player)
Population
200
Speed
Normal
Resources
Standard
Victory
Conquest
Starting age
Dark Age
Ending age
Imperial Age
RankedLock teamsTeams togetherTeam positionsShared explorationLock speedFull tech treeHidden civsTurbo modeCheats
Victory
Defeat
🇮🇳 Mongols · India
1289
+14
🇪🇸 Khmer · Spain
1239
-14
joanmora92
5:24 Loom
8:15 Feudal Age
18:02 Double-Bit Axe
18:00 Horse Collar
21:42 Castle Age
20:28 Wheelbarrow
22:29 Husbandry
22:39 Bloodlines
24:08 Scale Barding Armor
Iamak3186
8:00 Feudal Age
6:17 Loom
8:54 Double-Bit Axe
17:33 Horse Collar
20:08 Castle Age
18:21 Gold Mining
19:47 Fletching
20:09 Bloodlines
20:55 Bodkin Arrow
22:20 Bow Saw
Connection lost

Rejoining the realm…

Still unreachable

The connection could not be restored.

Session expired

The server has moved on; the page needs a fresh start.